Map: Dusk Towers

Players

coolhand - Winner!

  • Race: Protoss Protoss
  • League: Silver
  • Spawn Location: 1:00

Fropez

  • Race: Protoss Protoss
  • League: Silver
  • Spawn Location: 7:00

VOD

Have the link to the VOD?

Description

Time

  • Played on: April 7, 2016, 5:20 p.m.
  • Length: 4:23
Show
View Real Time Build Order
Export as new Build Order

coolhand Protoss - Winner!

Build Orders: 1 Gate Expand 

Get SALT Encoding   

  12  0:01  Probe (Chrono Boost)  
  13  0:13  Probe (Chrono Boost)  
  14  0:21  Pylon  
  14  0:23  Probe (Chrono Boost)  
  15  0:39  Probe (Chrono Boost)  
  15  0:41  Gateway  
  16  0:53  Probe (Chrono Boost)  
  17  1:01  Assimilator  
  17  1:03  Probe (Chrono Boost)  
  18  1:14  Probe (Chrono Boost)  
  19  1:27  Nexus  
  19  1:28  Probe (Chrono Boost)  
  20  1:50  Pylon, Probe (Chrono Boost)  
  21  1:54  Assimilator  
  21  2:03  Cybernetics Core  
  21  2:04  Probe (Chrono Boost)  
  21  2:08  Zealot  
  24  2:16  Probe (Chrono Boost)  
  25  2:27  Probe (Chrono Boost)  
  26  2:43  Twilight Council  
  26  2:46  Gateway  
  26  2:50  Probe x2 (Chrono Boost)  
  28  3:01  Mothership Core (Chrono Boost)  
  28  3:02  Stalker  
  32  3:11  Probe (Chrono Boost)  
  33  3:14  Assimilator  
  32  3:22  Pylon  
  32  3:24  Pylon  
  32  3:28  Probe (Chrono Boost)  
  33  3:51  Stalker x2  
  33  3:54  Probe x2 (Chrono Boost)  
  39  4:02  Assimilator  
  39  4:05  Dark Shrine  
  39  4:08  Probe x2 (Chrono Boost)  
  41  4:16  Gateway  
Show
View Real Time Build Order
Export as new Build Order

Fropez Protoss 

Build Orders:  

Get SALT Encoding   

  12  0:04  Probe (Chrono Boost)  
  13  0:25  Pylon  
  13  0:34  Probe (Chrono Boost)  
  14  0:43  Gateway  
  14  0:47  Pylon  
  15  0:50  Probe (Chrono Boost)  
  15  0:55  Assimilator  
  15  1:00  Probe (Chrono Boost)  
  16  1:14  Probe (Chrono Boost)  
  17  1:24  Pylon  
  17  1:38  Zealot  
  17  1:39  Probe (Chrono Boost)  
  20  1:49  Probe (Chrono Boost)  
  20  1:53  Cybernetics Core  
  21  2:00  Probe (Chrono Boost)  
  22  2:10  Probe (Chrono Boost)  
  23  2:22  Nexus  
  23  2:23  Probe (Chrono Boost)  
  24  2:34  Mothership Core (Chrono Boost)  
  26  2:59  Probe (Chrono Boost)  
  27  3:06  Pylon  
  27  3:09  Probe (Chrono Boost)  
  28  3:21  Probe (Chrono Boost)  
  29  3:27  Pylon, Robotics Facility  
  29  3:29  Assimilator  
  29  3:31  Probe (Chrono Boost)  
  29  3:32  Assimilator  
  30  3:35  Probe (Chrono Boost)  
  31  3:42  Probe (Chrono Boost)  
  31  3:46  Probe (Chrono Boost)  
  32  3:53  Probe (Chrono Boost)  
  33  3:56  Probe (Chrono Boost)  
  33  4:01  Stargate  
  34  4:03  Probe (Chrono Boost)  
  34  4:07  Probe (Chrono Boost)  
  36  4:11  Assimilator  
Tags
 
Matchup
PvP
Replay Pack
All Mines
Spawn Locations
Cross Positions
Add a new tag
Caveats
  • Supply blocks, unpowered buildings, or Contaminate may cause inaccurate times.
  • Supply counts are checked every 10 seconds.